 Dungeon Sprint DCSS version 0.21-a0-396-ga924934 (webtiles) character file.

1396 Kidiri the Eclecticist (level 8, -3/48 HPs)
             Began as a Deep Elf Fire Elementalist on Oct 19, 2017.
             Was a Priest of Vehumet.
             Slain by a two-headed ogre
             ... wielding a +0 dire flail
              (27 damage)
             ... in the Dungeon (Sprint III: "The Ten Rune Challenge").
             The game lasted 00:05:17 (1097 turns).

Kidiri the Eclecticist (Deep Elf Fire Elementalist) Turns: 1097, Time: 00:05:18

Health: -3/48      AC:  4    Str:  5    XL:     8   Next: 41%
Magic:  16/29      EV: 14    Int: 23    God:    Vehumet [***...]
Gold:   23         SH:  0    Dex: 15    Spells: 19/38 levels left

rFire    . . .     SeeInvis .   j - +0 dagger
rCold    . . .     Gourm    .   (no shield)
rNeg     . . .     Faith    .   a - +0 robe
rPois    .         Spirit   .   (no helmet)
rElec    .         Reflect  .   (no cloak)
rCorr    .         Harm     .   m - +0 pair of gloves
MR       .....     Clarity  +   k - +0 pair of boots Stlth ++........NoTele +
                                (no amulet)
HPRegen  0.16/turn              (no ring)
MPRegen  0.21/turn              (no ring)

@: no status effects
A: clarity, robust 1, evolution 1
a: Renounce Religion


You were in the Dungeon.
You worshipped Vehumet.
Vehumet was most pleased with you.
You were not hungry.

You visited 1 branch You collected 23 gold pieces.

Inventory:

Hand Weapons
 j - a +0 dagger (weapon)
Armour
 a - a +0 robe (worn)
 k - a +0 pair of boots (worn)
 m - a +0 pair of gloves (worn)
Wands
 l - a wand of random effects (39/48)
 o - a wand of polymorph (13/24)
Scrolls
 i - a scroll of blinking
 n - a scroll of holy word
 p - 3 scrolls of remove curse
 s - a scroll of immolation
Potions
 d - a potion of curing
 e - a potion of heal wounds
 f - 2 potions of haste
 g - 2 potions of magic
 h - 3 potions of berserk rage
 r - 2 potions of flight
 u - 3 potions of mutation
Comestibles
 c - a bread ration
 q - 2 royal jellies
 t - a meat ration


   Skills:
 + Level 1.7 Fighting
 + Level 2.1 Short Blades
 + Level 1.7 Armour
 + Level 3.8 Dodging
 - Level 2.4 Stealth
 * Level 15.7 Spellcasting
 + Level 9.9 Conjurations
 + Level 10.4 Fire Magic
 + Level 2.1 Air Magic


You had 19 spell levels left.
You knew the following spells:

 Your Spells              Type           Power        Failure   Level  Hunger
a - Flame Tongue          Conj/Fire      #####        1%          1    None
b - Throw Flame           Conj/Fire      ######       1%          2    None
c - Conjure Flame         Conj/Fire      ######..     1%          3    None
d - Inner Flame           Hex/Fire       #####...     1%          3    None
e - Sticky Flame          Conj/Fire      ######..     1%          4    None
f - Fireball              Conj/Fire      ######....   1%          5    ##.....
g - Shock                 Conj/Air       ####         1%          1    None


Dungeon Overview and Level Annotations

Branches:
Dungeon (1/1)

Altars:
Cheibriados
Dithmenos
Elyvilon
Fedhas
Gozag
Hepliaklqana
Kikubaaqudgha
Makhleb
Nemelex Xobeh
Okawaru
Qazlal
Ru
Sif Muna
Trog
Uskayaw
Vehumet
Wu Jian
Xom
Yredelemnul
Zin
The Shining One
Beogh
Jiyva
Lugonu

Annotations:
D exclusion: door


Innate Abilities, Weirdness & Mutations

You possess an exceptional clarity of mind.
You are robust. (+10% HP)
You evolve.


Message History

The two-headed ogre is moderately wounded.
The two-headed ogre burns!
The two-headed ogre hits you with a dire flail!
The two-headed ogre misses you.
The two-headed ogre burns!
There is an open door here.
The two-headed ogre burns!
Casting: Flame Tongue
Confirm with . or Enter, or press ? or * to list all spells.
Aiming: Flame Tongue
Press: ? - help, Shift-Dir - straight line, f/p - two-headed ogre
Aim: a two-headed ogre, wielding a dire flail and a giant club (heavily wounded, covered in liquid flames)
The flame tongue hits the two-headed ogre.
The two-headed ogre is severely wounded.
The two-headed ogre burns!
The two-headed ogre burns!
The two-headed ogre burns!
The two-headed ogre hits you with a dire flail!!
Ouch! That really hurt!
You die...

▓▓▓ ♣.############
♣.#___#___#__# ♣♣
♣.#)..#__)#%_#
.♣♣♣♣.###+#+###+##
♣...♣.#...÷......#
≈..♣♣.'.⌠........#
≈≈≈♣..#...######'#
≈≈....#.⌠.#__#..@#+# ##
# ≈.....#...#__#..O#..
)#.#
......#+###__#...##.#).
......#..)#__#...'##.#
......#___#__+...#...#
▓▓▓▓▓▓▓▓▓▓▓▓▓▓▓▓▓▓▓▓▓▓


You could see a two-headed ogre (burning).

Vanquished Creatures
  A deep elf mage (D)
  A shadow (D)
  A spatial vortex (D)
  A necrophage (D)
  2 two-headed ogres (D)
  A water elemental (D)
  A jelly (D)
  A wizard (D)
  Jessica (D)
  A necromancer (D)
  A kobold demonologist (D)
  3 humans (D)
  A wolf (D)
  An ooze (D)
  2 rats (D)
19 creatures vanquished.

Vanquished Creatures (others)
  2 draconian scorchers (D)
  6 hellions (D)
  A yaktaur (D)
9 creatures vanquished.

Grand Total: 28 creatures vanquished

Notes
Turn   | Place    | Note
-------+----------+-------------------------------------------
     0 | D        | Kidiri the Deep Elf Fire Elementalist began the quest for the Orb.
     0 | D        | Reached XP level 1. HP: 10/10 MP: 6/6
     5 | D        | Reached skill level 4 in Spellcasting
    44 | D        | Noticed Jessica
    46 | D        | Killed Jessica
    46 | D        | Reached skill level 6 in Spellcasting
    46 | D        | Reached XP level 2. HP: 15/15 MP: 4/11
    46 | D        | Reached XP level 3. HP: 19/19 MP: 4/12
    50 | D        | Learned a level 2 spell: Throw Flame
    54 | D        | Learned a level 3 spell: Conjure Flame
    58 | D        | Learned a level 3 spell: Inner Flame
    69 | D        | Killed a yaktaur
    81 | D        | Killed a hellion
   106 | D        | Killed a hellion
   107 | D        | Killed a hellion
   121 | D        | Reached skill level 7 in Spellcasting
   121 | D        | Reached skill level 5 in Fire Magic
   129 | D        | Killed a hellion
   182 | D        | Killed a hellion
   252 | D        | Killed a hellion
   337 | D        | Killed a white draconian scorcher
   344 | D        | Killed a white draconian scorcher
   405 | D        | Gained mutation: You have a pair of small horns on your head. [potion of mutation]
   405 | D        | Gained mutation: You are somewhat resistant to further mutation. [potion of mutation]
   406 | D        | Lost mutation: You are somewhat resistant to further mutation. [potion of mutation]
   406 | D        | Lost mutation: You have a pair of small horns on your head. [potion of mutation]
   406 | D        | Gained mutation: You expend magic power (3 MP) to strengthen your wands. [potion of mutation]
   406 | D        | Gained mutation: You are partially covered in thin metallic scales. (AC +2) [potion of mutation]
   407 | D        | Lost mutation: You are partially covered in thin metallic scales. (AC +2) [potion of mutation]
   407 | D        | Lost mutation: You expend magic power (3 MP) to strengthen your wands. [potion of mutation]
   407 | D        | Gained mutation: You are weak. (Str -2) [potion of mutation]
   407 | D        | Gained mutation: Scrolls take you a little longer to read. [potion of mutation]
   407 | D        | Gained mutation: You possess an exceptional clarity of mind. [potion of mutation]
   407 | D        | Gained mutation: You are robust. (+10% HP) [potion of mutation]
   408 | D        | Lost mutation: Scrolls take you a little longer to read. [potion of mutation]
   408 | D        | Lost mutation: You are weak. (Str -2) [potion of mutation]
   408 | D        | Gained mutation: You evolve. [potion of mutation]
   465 | D        | Noticed a water elemental
   468 | D        | Killed a water elemental
   468 | D        | Reached skill level 9 in Spellcasting
   468 | D        | Reached skill level 5 in Conjurations
   468 | D        | Reached XP level 4. HP: 13/26 MP: 13/17
   474 | D        | Learned a level 4 spell: Sticky Flame
   627 | D        | Found a radiant altar of Vehumet.
   628 | D        | Found a deep blue altar of Sif Muna.
   628 | D        | Found an ancient bone altar of Kikubaaqudgha.
   628 | D        | Noticed a wizard
   631 | D        | Killed a wizard
   631 | D        | Reached XP level 5. HP: 30/30 MP: 5/19
   634 | D        | Reached skill level 10 in Spellcasting
   648 | D        | Learned a level 5 spell: Fireball
   661 | D        | Became a worshipper of Vehumet
   745 | D        | Found a glowing silver altar of Zin.
   746 | D        | Found a glowing golden altar of the Shining One.
   746 | D        | Found a white marble altar of Elyvilon.
   746 | D        | Noticed a deep elf mage
   755 | D        | Killed a deep elf mage
   755 | D        | Reached skill level 13 in Spellcasting
   755 | D        | Reached XP level 6. HP: 35/35 MP: 14/24
   755 | D        | Reached XP level 7. HP: 39/39 MP: 15/26
   813 | D        | Found an ornate altar of the Wu Jian Council.
   813 | D        | Found a roughly hewn altar of Beogh.
   813 | D        | Found an iron altar of Okawaru.
   813 | D        | Found a bloodstained altar of Trog.
   813 | D        | Found a hide-covered altar of Uskayaw.
   813 | D        | Noticed a human
   813 | D        | Noticed a human
   817 | D        | Killed a human
   817 | D        | Killed a human
   817 | D        | Reached skill level 14 in Spellcasting
   817 | D        | Reached * piety under Vehumet
   817 | D        | Offered knowledge of Shock by Vehumet.
   901 | D        | Found a basalt altar of Yredelemnul.
   901 | D        | Found a shadowy altar of Dithmenos.
   901 | D        | Found a sacrificial altar of Ru.
   905 | D        | Reached skill level 15 in Spellcasting
   905 | D        | Reached skill level 10 in Fire Magic
   919 | D        | Learned a level 1 spell: Shock
   941 | D        | Noticed a shadow
   943 | D        | Killed a shadow
   943 | D        | Reached ** piety under Vehumet
   943 | D        | Offered knowledge of Searing Ray by Vehumet.
   943 | D        | Reached skill level 1 in Short Blades
   943 | D        | Reached skill level 1 in Air Magic
   943 | D        | Reached XP level 8. HP: 46/46 MP: 21/29
   943 | D        | Reached skill level 1 in Fighting
   943 | D        | Reached skill level 1 in Armour
   976 | D        | Found a blossoming altar of Fedhas.
   976 | D        | Found a stormy altar of Qazlal.
   976 | D        | Found a snail-covered altar of Cheibriados.
   976 | D        | Found a burning altar of Makhleb.
   976 | D        | Found a shimmering altar of Xom.
   977 | D        | Found a hazy altar of Hepliaklqana.
   977 | D        | Found an opulent altar of Gozag.
   977 | D        | Found a sparkling altar of Nemelex Xobeh.
   977 | D        | Found a corrupted altar of Lugonu.
   977 | D        | Found a viscous altar of Jiyva.
  1074 | D        | Reached *** piety under Vehumet
  1097 | D        | Slain by a two-headed ogre

Vault maps used:
D:        dungeon_sprint_mu

Skill      XL: |  1  2  3  4  5  6  7  8 |
---------------+-------------------------+-----
Spellcasting   | 6 9 13 15 | 15.7
Conjurations   | 3 5 8 9 |  9.9
Fire Magic     | 4 6 9 10 | 10.4
Short Blades   | 1 2 |  2.1
Dodging        | 3 |  3.8
Air Magic      | 1 2 |  2.1
Fighting       | 1 |  1.7
Armour         | 1 |  1.7
Stealth        | |  2.4

Action                   |  1- 3 |  4- 6 |  7- 9 || total
-------------------------+-------+-------+-------++-------
Melee: Dagger            |     1 |       |       ||     1
 Cast: Flame Tongue      |    13 |     4 |    33 ||    50
       Throw Flame       |     2 |       |       ||     2
       Sticky Flame      |       |     3 |     1 ||     4
       Conjure Flame     |       |       |     4 ||     4
       Inner Flame       |       |       |     4 ||     4
       Fireball          |       |       |     2 ||     2
  Use: Potion            |     4 |       |       ||     4
       Scroll            |     3 |       |       ||     3
  Eat: Chunk             |       |       |     1 ||     1
Armor: Robe              |       |       |     1 ||     1
Dodge: Dodged            |     3 |     5 |     2 ||    10

Table legend:
 A = Spawn XP
 B = Non-spawn XP
 C = Spawn XP percentage of total XP
 D = Spawn monster count
 E = Non-spawn monster count
 F = Spawn count percentage of total count
 G = Total turns spent on level
                    A         B        C        D         E        F      G
               +---------+---------+-------+---------+---------+-------+---------
         Total |       0 |    1995 |   0.0 |       0 |      19 |   0.0 |  1097
               +---------+---------+-------+---------+---------+-------+---------
             D |       0 |    1995 |   0.0 |       0 |      19 |   0.0 |  1097
               +---------+---------+-------+---------+---------+-------+---------
